← All builds
Tech / Armada / Economy first / OBSERVED BUILD

Standard tech

Armada Tech (Eco) build order · Supreme Isthmus

Rushes T2 by 4:15, gets Advanced Metal Extractor around 5:28, hands off T2 constructors to Geo and the team, then scales eco and supplies the team's T2 needs through the rest of the game.

Usually first T2 con to Geo (83%)

#eco #t2 #team support · 1580 distinct matches · 252 players · 60% of Armada Tech games · team won 53% of 1886 · Recently observed

HOW TO PLAY IT

Key timing: T2 factory by 4:15

  1. Open 3 mex and heavy wind to fund a fast T2 rush.
  2. Put down Bot Lab, planning to eat it for reclaim soon after.
  3. Get Advanced Bot Lab up, hitting the T2 factory rush timing.
  4. Upgrade mex to Advanced Metal Extractor to lock in team metal income.
  5. Eat Advanced Bot Lab and keep sending cons to Geo and Pond.

Phase by phase

TYPICAL OF ITS 1580 GAMES
  1. 1
  2. 2
  3. 3
  4. 4
PLAY THE OPENING

Follow the example game's first 6:00 step by step: what to build now, what comes next, and where it goes. At 1× it keeps pace with your own game.

  1. 1

    Up to the Bot Lab

    Economy
    • Metal Extractor3Mex
    • Wind Turbine4Wind
    Order
    1. Bot LabBot Lab after 3 mex, 4 winddone ~1:18, middle half 1:13–1:32

    Some games also: energy storage (31%)

    By 1:01 in all: 3 mex · 4 wind

    The example game in this phase · 6 steps
    1. Mex ×2
    2. Solarfor Air
    3. Wind
    4. Mex
    5. Wind ×2
    6. Bot LabBot Labdone 1:21 · typical 1:18
  2. 2

    Bot Lab to Advanced Bot Lab

    Economy
    • Metal Extractor1Mex
    • Wind Turbine8Wind
    • Energy Storage1Energy storage
    Order
    1. Advanced Bot LabAdvanced Bot Lab after 4 mex, 12 wind, 3 con turretdone ~4:16, middle half 4:04–4:30
    Builders
    • Construction Turret3 Con turret
    • Lazarus3 Lazarus
    • Construction Bot2 Con bot
    • Construction Bot1 Con bot for allies

    Some games also: converter (36%)

    By 3:18 in all: 4 mex · 12 wind · 1 energy storage · 3 con turret

    The example game in this phase · 28 steps
    1. Construction BotCon botfor Air
    2. LazarusLazarus
    3. Construction BotCon botfor Geo sea
    4. Wind ×2
    5. Con turret
    6. Wind
    7. LazarusLazarus
    8. Mex
    9. Wind ×2
    10. Construction BotCon bot
    11. Wind ×2
    12. LazarusLazarus
    13. Con turret
    14. Wind ×3
    15. LazarusLazarus
    16. Converter
    17. Wind
    18. LazarusLazarus
    19. Converter
    20. Wind
    21. Converter ×2
    22. Wind
    23. Converter
    24. LazarusLazarus
    25. Wind
    26. Converter
    27. Energy storage
    28. Advanced Bot LabAdvanced Bot Labdone 4:34 · typical 4:16
  3. 3

    Advanced Bot Lab to 5:00

    Economy
    • Wind Turbine3Wind
    Order
    1. Bot LabEat Bot Lab
    Builders
    • Advanced Construction Bot1 T2 con bot for allies

    Some games also: converter (35%)

    By 5:00 in all: 4 mex · 15 wind · 1 converter · 1 energy storage · 3 con turret

    The example game in this phase · 3 steps
    1. Bot LabEat Bot Labreclaimed for its metal
    2. SprinterSprinter
    3. Advanced Construction BotT2 con botfor Geo
  4. 4

    5:00 to 10:00

    Economy
    • Wind Turbine43Wind
    • Energy Converter6Converter
    Builders
    • Butler9 Butler
    • Advanced Construction Bot4 T2 con bot for allies
    • Advanced Construction Bot1 T2 con bot

    Some games also: con turret (43%) · Butler for allies (37%)

    By 10:00 in all: 4 mex · 58 wind · 8 converter · 1 energy storage · 3 con turret

    The example game in this phase · 248 steps
    1. Advanced Metal ExtractorT2 mexdone 5:42 · typical 5:28
    2. Advanced Construction BotT2 con botfor Air
    3. Mexfor Geo sea
    4. GoonGoon
    5. Energy storagefor Geo sea
    6. Advanced Construction BotT2 con botfor Pond
    7. ButlerButler
    8. Solarfor Geo sea
    9. ButlerButler
    10. Advanced Metal ExtractorT2 mex ×3
    11. ButlerButler ×4
    12. Wind
    13. ButlerButler
    14. Wind ×2
    15. ButlerButler
    16. Wind ×3
    17. ButlerButler
    18. Wind ×9
    19. ButlerButler
    20. Converter
    21. Wind ×6
    22. ButlerButler
    23. Wind ×5
    24. Converter
    25. Wind
    26. ButlerButler
    27. Wind ×6
    28. ButlerButler
    29. Wind
    30. Converter
    31. Wind ×4
    32. ButlerButler
    33. Wind ×3
    34. Converter
    35. Wind ×2
    36. Converter
    37. Wind ×2
    38. ButlerButler
    39. Wind ×4
    40. Converter ×2
    41. Wind ×2
    42. ButlerButler
    43. Wind ×4
    44. Converter
    45. Wind
    46. ButlerButler
    47. Wind ×4
    48. Converter
    49. Wind ×3
    50. Converter
    51. Wind ×3
    52. ButlerButler
    53. Wind
    54. Mex
    55. Wind ×5
    56. Converter
    57. Wind ×7
    58. Converter
    59. Wind ×2
    60. Converter
    61. Wind ×3
    62. Converter
    63. Wind
    64. Converter
    65. Wind ×6
    66. Converter
    67. Wind ×2
    68. Converter
    69. Wind
    70. Converter
    71. Wind ×6
    72. Converter
    73. Wind
    74. UmbrellaAnti-nukedone 11:30
    75. Wind ×2
    76. Converter
    77. Wind
    78. Con turret
    79. Wind ×4
    80. Converter
    81. Wind ×2
    82. Converter ×2
    83. Wind ×4
    84. Converter
    85. Wind ×3
    86. Converter
    87. Wind ×2
    88. Converter
    89. Wind ×4
    90. Converter
    91. Wind
    92. Converter
    93. Wind ×2
    94. Advanced Construction BotT2 con botfor Beach sea
    95. Converter
    96. Wind ×3
    97. Converter
    98. Wind
    99. Converter
    100. Wind ×7
    101. Converter
    102. Wind
    103. Converter ×2
    104. Wind ×5
    105. Converter
    106. Wind ×3
    107. Converter ×3
    108. Advanced Construction BotT2 con bot
    109. Wind ×3
    110. Converter
    111. Wind ×2
    112. Con turret
    113. Wind ×3
    114. Converter ×2
    115. Wind ×2
    116. Con turret
    117. Wind ×6
    118. Converter
    119. Wind
    120. Converter ×2
    121. Wind ×4
    122. TracerTracer
    123. Converter
    124. Wind ×4
    125. Converter ×2
    126. Wind ×5
    127. Metal storage
    128. Wind ×3
    129. Converter ×3
    130. Wind ×4
    131. Fusion ReactorFusiondone 13:35
    132. Wind ×5
    133. Converter
    134. Wind
    135. Converter
    136. Wind ×6
    137. Converter
    138. Wind ×3
    139. Converter
    140. Wind ×6
    141. Advanced Bot LabEat Advanced Bot Labreclaimed for its metal
    142. Wind ×2
    143. Converter ×2
    144. Wind ×8
    145. Converter
    146. Wind
    147. Converter
    148. Con turret
    149. Wind ×8
    150. Converter ×2
    151. Wind ×8
    152. Converter ×2
    153. Wind
    154. Fusion ReactorFusion
    155. Wind ×8
    156. Converter ×2
    157. Aircraft PlantAircraft Plantdone 13:54
    158. Wind ×6
    159. FalconFighter
    160. Wind ×2
    161. Converter
    162. Wind
    163. FerretFerret
    164. Converter
    165. FalconFighter
    166. Wind ×5
    167. Bot LabBot Labdone 14:12
    168. Wind
    169. FalconFighter
    170. Wind
    171. Converter
    172. Wind ×2
    173. Converter
    174. Wind ×3
    175. TickTick
    176. FalconFighter
    177. Wind
    178. TickTick
    179. Wind ×2
    180. TickTick
    181. Converter
    182. Wind ×2
    183. FalconFighter
    184. TickTick
    185. Converter
    186. Wind ×3
    187. TickTick
    188. FalconFighter
    189. Wind
    190. PawnPawn
    191. Wind ×4
    192. FalconFighter
    193. Converter
    194. PawnPawn
    195. ValiantValiant
    196. Wind ×2
    197. Converter
    198. ValiantValiant
    199. Wind
    200. PawnPawn
    201. GuardGuard
    202. Wind ×2
    203. PawnPawn
    204. ValiantValiant
    205. Wind
    206. PawnPawn
    207. ValiantValiant
    208. Wind ×2
    209. ValiantValiant
    210. Converter
    211. Wind
    212. Converter
    213. Wind
    214. ValiantValiant
    215. Wind
    216. FalconFighter
    217. Wind
    218. TickTick
    219. Wind
    220. ValiantValiant
    221. PawnPawn
    222. Wind
    223. Aircraft PlantEat Aircraft Plantreclaimed for its metal
    224. ValiantValiant
    225. Wind
    226. TickTick
    227. Wind
    228. PawnPawn
    229. Wind
    230. Converter
    231. ValiantValiant
    232. Converter
    233. Wind
    234. TickTick
    235. Wind
    236. ValiantValiant
    237. PawnPawn
    238. Wind
    239. TickTick
    240. Wind ×2
    241. PawnPawn
    242. ValiantValiant
    243. Wind ×2
    244. TickTick
    245. Wind
    246. PawnPawn
    247. Wind
    248. Converter

Counts are medians over the build's games: half of them build more, half fewer. The example game is isbedabrick's (31 OS, 15/09/2026); pick another.

Team trades

IN AT LEAST 30% OF ITS GAMES

You hand over

  • Construction Bot1 Con bot to Airfirst at 2:23 · in 84% of games
  • Advanced Construction Bot5 T2 con bot to Air or Pond or Geo seafirst at 4:50 · in 99% of games
  • Butler2 Butler to Geo sea or Beach sea or Pondfirst at 9:06 · in 43% of games

You get

  • Hercules1 Light transport from Airfirst at 4:01 · in 86% of games

How it plays out

Typical game of this build, running totals by minute

Metal produced

020k40k
0:005:0010:0015:00

metal

Enemy metal destroyed

050100150
0:005:0010:0015:00

metal

Own metal lost

050100150
0:005:0010:0015:00

metal

1886 games.

Show as table
ByMetal produced: This buildEnemy metal destroyed: This buildOwn metal lost: This build
1:0038300
2:0091500
3:00165200
4:00314400
5:00484800
6:00580200
7:00723200
8:00906400
9:001117700
10:001351300
11:001624200
12:001965600
13:002342600
14:0027286074
15:0031503110130
WHAT THE NUMBERS SAY

Standard Tech play barely fights at all early, instead pouring metal into T2 infrastructure and constructors for the team.

  • + Metal produced hits 31679 by 15:00, by far the highest of any role here.
  • + T2 factory reached in 97% of games by 4:15, fastest and most reliable T2 timing.
  • − Enemy metal destroyed stays at 0 through 10:00, no early offense at all.
  • − Own metal lost also near 0, showing total avoidance of combat risk.
THE EXAMPLE YOU ARE READING

isbedabrick

31.0 OS · 15/09/2026

Open source match ↗

283 received units · includes a constructor
3089 metal received · 90894 energy received

Allied construction assistance is unknown. Timings are observations, not a promise of solo reproducibility.

Typical milestones

Bot Lab1:18Middle 50%: 1:13–1:32 · n=1886
Advanced Bot Lab4:16Middle 50%: 4:04–4:30 · n=1879
Advanced Metal Extractor5:28Middle 50%: 5:05–5:59 · n=1882

Played most by

Amrissa96games of this buildTheGeneraI70games of this buildAdeus57games of this buildEl_Turco54games of this buildKOT_44games of this build